 Dungeon Crawl Stone Soup version 0.21.1-1-g345015f (webtiles) character file.

3918 suicidejoker the Covert (level 10, -6/100 (102) HPs)
             Began as an Octopode Monk on Apr 8, 2018.
             Was a Priest of Cheibriados (penitent).
             Shot with an arrow by a centaur (10 damage)
             ... on level 11 of the Dungeon.
             The game lasted 00:30:46 (5312 turns).

suicidejoker the Covert (Octopode Monk)             Turns: 5312, Time: 00:30:46

HP:   -6/100 (102)  AC:  3    Str: 19    XL:     10   Next: 20%
MP:   0/16          EV: 13    Int: 17    God:    Cheibriados [*]
Gold: 334           SH:  7    Dex: 14    Spells: 12/17 levels left

rFire    . . .     SeeInvis .     - Unarmed
rCold    + . .     Gourm    .   x - +0 shield
rNeg     + . .     Faith    .   o - +2 hat of the Bear Spirit {Spirit, +Rage rN+ MR++}
rPois    .         Spirit   +   i - amulet of regeneration
rElec    .         Reflect  .   g - ring of protection from cold
rCorr    .         Harm     .   r - +4 ring of intelligence (curse)
MR       ++...                  (no ring)
Stlth    ..........             (no ring)
HPRegen  0.66/turn              (no ring)
MPRegen  0.15/turn              (no ring)
                                (no ring)
                                (no ring)

@: berserking, very slow
A: almost no armour, stealthy swim, amphibious, 8 rings, constrict 8, camouflage
1, gelatinous body 1
a: Renounce Religion, Evoke Berserk Rage


You were on level 11 of the Dungeon.
You worshipped Cheibriados.
Cheibriados was demanding penance.
You were near starving.

You visited 2 branches of the dungeon, and saw 10 of its levels.

You collected 334 gold pieces.

Inventory:

Hand Weapons
 b - a +0 hunting sling
 q - a +0 shortbow
 u - a +0 shortbow
 w - a +0 war axe of flaming
Missiles
 e - 95 sling bullets
 f - 111 arrows
 m - 194 stones (quivered)
 n - 10 tomahawks
Armour
 o - the +2 hat of the Bear Spirit (worn) {Spirit, +Rage rN+ MR++}
   (You found it on level 5 of the Dungeon)

   It protects you from negative energy.
   It affects your resistance to hostile enchantments.
   It lets you go berserk.
 x - a +0 shield (worn)
Jewellery
 g - a ring of protection from cold (left tentacle)
 i - an amulet of regeneration (around mantle)
 r - a cursed +4 ring of intelligence (right tentacle)
Wands
 p - a wand of paralysis (23)
Scrolls
 c - a scroll of amnesia
 d - 2 scrolls of identify
 h - a scroll of random uselessness
 k - 3 scrolls of silence {unknown}
 t - a scroll of blinking {unknown}
 v - 2 scrolls of acquirement {unknown}
Potions
 j - 2 potions of brilliance
 l - 2 potions of haste
Books
 s - a book of Conjurations

   Spells                             Type                      Level
   a - Magic Dart                     Conjuration                  1
   b - Searing Ray                    Conjuration                  2
   c - Dazzling Spray                 Conjuration/Hexes            3
   d - Fulminant Prism                Conjuration/Hexes            4
   e - Force Lance                    Conjuration/Translocation    4
   f - Iskenderun's Mystic Blast      Conjuration                  4
Comestibles
 a - 10 rations


   Skills:
 + Level 5.8 Fighting
 + Level 2.8 Bows
 + Level 5.8 Dodging
 * Level 10.3 Stealth
 * Level 7.7 Unarmed Combat
 + Level 4.3 Spellcasting
 + Level 1.0 Conjurations
 + Level 3.2 Invocations
 + Level 3.4 Evocations


You had 12 spell levels left.
You knew the following spells:

 Your Spells              Type           Power        Failure   Level  Hunger
a - Searing Ray           Conj           #.....       71%         2    ##.....
b - Dazzling Spray        Conj/Hex       #.....       95%         3    ###....


Dungeon Overview and Level Annotations

Branches:
Dungeon (8/15)             Temple (1/1) D:6
   Lair: D:8-11

Altars:
Ashenzari
Cheibriados
Elyvilon
Fedhas
Hepliaklqana
Makhleb
Nemelex Xobeh
Okawaru
Qazlal
Ru
Trog
Uskayaw
Wu Jian
Yredelemnul
Zin
The Shining One

Shops:
D:7 [

Annotations:
D:3 Noreply's ghost, amateur DrAK
D:4 kmckee24's ghost, amateur MiFi


Innate Abilities, Weirdness & Mutations

You cannot wear most types of armour.
You are very stealthy in the water. (Stealth+)
You are amphibious.
You can wear up to eight rings at the same time.
You can use your tentacles to constrict eight enemies at once.
Your skin changes colour to match your surroundings (Stealth+).
Your rubbery body absorbs attacks. (AC +1, EV +1)


Message History

* * * LOW HITPOINT WARNING * * *
The centaur wields a shortbow.
The centaur shoots an arrow.
You block the arrow.
The centaur wields a glowing shortbow.
It is covered in frost.
The centaur shoots an arrow.
The arrow hits you.
* * * LOW HITPOINT WARNING * * *
You block the centaur's attack.
The centaur shoots an arrow.
The arrow barely misses you.
Okay, then.
Okay, then.
A red film seems to cover your vision as you go berserk!
Cheibriados thinks you should slow down.
You feel very guilty. "You will pay for your transgression, mortal!"
Cheibriados forces you to slow down.
You feel mighty!
You are near starving!
The centaur wields a shortbow.
The centaur shoots an arrow.
The arrow hits you!
* * * LOW HITPOINT WARNING * * *
The centaur shoots an arrow.
The arrow hits you!
You die...

. .. .... c ...... §§ .....
≈§§ #####..########.≈≈§
#...%.((@(..(.((≈≈≈
#########.....c..c...c..≈≈.
........#..........(...P..P
........#..................
........#..................
........#.........c........
........#......)...........
######..#...###############
#......#


You could see 4 centaurs.

Vanquished Creatures
  Prince Ribbit (D:7)
  A hippogriff (D:7)
  6 yaks (D:7)
  2 hungry ghosts
  Menkaure (D:7)
  An ice beast (D:5)
  A sky beast (D:6)
  6 ogres
  A necrophage (D:7)
  A black bear (D:6)
  3 centaurs
  A bullfrog (D:7)
  2 scorpions
  4 wights (D:6)
  2 howler monkeys (D:7)
  2 crimson imps
  2 centaur zombies
  2 hounds (D:6)
  2 bullfrog skeletons
  5 orc wizards
  Jessica (D:2)
  6 worker ants
  A killer bee zombie (D:8)
  A hound zombie (D:7)
  7 adders
  2 shadow imps
  2 oozes
  An adder skeleton (D:7)
  3 dart slugs
  2 leopard geckos
  26 orcs
  8 bats
  2 giant cockroaches (D:1)
  2 goblins (D:1)
  5 hobgoblins
  4 jackals (D:5)
  7 kobolds
  3 quokkas
  A ball python (D:1)
  2 frilled lizards
  A leopard gecko skeleton (D:5)
  A leopard gecko zombie (D:5)
  A quokka zombie (D:5)
  4 rats
139 creatures vanquished.

Vanquished Creatures (others)
  A wyvern zombie (D:7)
  2 plants (D:7)
3 creatures vanquished.

Grand Total: 142 creatures vanquished

Notes
Turn   | Place    | Note
-------+----------+-------------------------------------------
     0 | D:1      | suicidejoker the Octopode Monk began the quest for the Orb.
     0 | D:1      | Reached XP level 1. HP: 16/16 MP: 1/1
    80 | D:1      | Reached skill level 3 in Stealth
   101 | D:1      | Reached XP level 2. HP: 13/21 MP: 2/2
   481 | D:1      | Reached XP level 3. HP: 25/26 MP: 3/3
   911 | D:2      | Noticed Jessica
   917 | D:2      | Killed Jessica
   917 | D:2      | Reached skill level 4 in Stealth
   917 | D:2      | Reached XP level 4. HP: 27/31 MP: 3/5
  1006 | D:2      | Reached skill level 1 in Spellcasting
  1470 | D:3      | Noticed Noreply's ghost (amateur DrAK)
  1565 | D:4      | Noticed kmckee24's ghost (amateur MiFi)
  1632 | D:4      | Reached XP level 5. HP: 26/36 MP: 6/6
  1874 | D:5      | Entered Level 5 of the Dungeon
  1935 | D:5      | Noticed an ice beast
  1957 | D:5      | Killed an ice beast
  1957 | D:5      | Reached skill level 5 in Stealth
  1957 | D:5      | Reached XP level 6. HP: 11/43 MP: 8/8
  2125 | D:5      | Found the +2 hat of the Bear Spirit {Spirit, +Rage rN+ MR++}
  2450 | D:5      | Found a blossoming altar of Fedhas.
  2473 | D:5      | Noticed a hungry ghost
  2508 | D:5      | Killed a hungry ghost
  2508 | D:5      | Reached skill level 6 in Stealth
  2508 | D:5      | Reached XP level 7. HP: 44/48 MP: 7/10
  2613 | D:5      | Reached skill level 5 in Unarmed Combat
  3000 | D:6      | Reached skill level 7 in Stealth
  3007 | D:6      | Reached XP level 8. HP: 39/54 MP: 7/12
  3308 | D:6      | Found a staircase to the Ecumenical Temple.
  3315 | Temple   | Entered the Ecumenical Temple
  3356 | Temple   | Became a worshipper of Cheibriados the Contemplative
  3356 | Temple   | Reached * piety under Cheibriados
  3356 | Temple   | Reached ** piety under Cheibriados
  3615 | D:6      | Reached skill level 8 in Stealth
  3644 | D:6      | Found a bloodstained altar of Trog.
  3713 | D:6      | Found a stormy altar of Qazlal.
  3997 | D:7      | Noticed Menkaure
  4008 | D:7      | Killed Menkaure
  4008 | D:7      | Reached skill level 5 in Fighting
  4008 | D:7      | Reached skill level 1 in Bows
  4008 | D:7      | Reached skill level 1 in Invocations
  4008 | D:7      | Reached skill level 1 in Evocations
  4051 | D:7      | Reached skill level 5 in Dodging
  4051 | D:7      | Reached XP level 9. HP: 55/61 MP: 9/14
  4203 | D:7      | Reached skill level 9 in Stealth
  4324 | D:7      | Learned a level 2 spell: Searing Ray
  4328 | D:7      | Learned a level 3 spell: Dazzling Spray
  4418 | D:7      | Reached *** piety under Cheibriados
  4566 | D:7      | Found a glowing golden altar of the Shining One.
  4659 | D:7      | Found a hide-covered altar of Uskayaw.
  4771 | D:7      | Found a basalt altar of Yredelemnul.
  4773 | D:7      | Noticed a profane servitor
  4836 | D:7      | Reached XP level 10. HP: 63/67 MP: 2/16
  4840 | D:7      | Reached skill level 10 in Stealth
  4972 | D:7      | Noticed Prince Ribbit
  4978 | D:7      | Killed Prince Ribbit
  4995 | D:7      | Found Fuarouph's Antique Armour Emporium.
  5205 | D:8      | Found a burning altar of Makhleb.
  5275 | D:8      | You fall through a shaft for 3 floors!
  5309 | D:11     | Reached skill level 1 in Conjurations
  5312 | D:11     | Was placed under penance by Cheibriados
  5312 | D:11     | HP: 4/100 [centaur/arrow (7)]
  5312 | D:11     | Shot with an arrow by a centaur

Skill      XL: |  1  2  3  4  5  6  7  8  9 10 |
---------------+-------------------------------+-----
Stealth        | 3 4 5 6 7 8 9 10 | 10.3
Spellcasting   | 1 2 3 4 |  4.3
Unarmed Combat | 4 5 6 7 |  7.7
Fighting       | 4 5 |  5.8
Dodging        | 4 5 |  5.8
Bows           | 1 2 |  2.8
Invocations    | 1 2 3 |  3.2
Evocations     | 1 3 |  3.4
Conjurations   | 1 |  1.0

Action                   |  1- 3 |  4- 6 |  7- 9 | 10-12 || total
-------------------------+-------+-------+-------+-------++-------
Melee: Unarmed           |    59 |    92 |   143 |    33 ||   327
       Constrict         |    21 |    14 |    27 |     6 ||    68
       Tentacles         |     9 |    22 |    40 |    10 ||    81
       Punch             |     1 |     2 |    16 |     3 ||    22
 Fire: Hunting sling     |       |    31 |    91 |    26 ||   148
Throw: Stone             |       |       |       |     1 ||     1
 Cast: Searing Ray       |       |       |     5 |       ||     5
       Dazzling Spray    |       |       |     1 |       ||     1
Invok: Temporal Distorti |       |       |       |     1 ||     1
 Abil: Evoke Berserk Rag |       |       |       |     1 ||     1
Evoke: Wand              |       |       |    21 |       ||    21
  Use: Scroll            |     2 |     6 |     2 |       ||    10
       Potion            |       |     3 |     2 |       ||     5
 Stab: Sleeping          |    15 |     2 |       |       ||    17
       Invisible         |       |       |     1 |       ||     1
       Paralysed         |       |       |     6 |       ||     6
  Eat: Chunk             |       |     4 |     5 |       ||     9
       Ration            |       |     1 |     2 |       ||     3
Armor: Skin              |    10 |     3 |    10 |     1 ||    24
Dodge: Dodged            |    36 |    51 |    99 |    30 ||   216
Block: Shield            |       |       |       |     8 ||     8
